 Dungeon Crawl Stone Soup version 0.26-a0-664-gc8b27b8 (webtiles) character file.

Game seed: 14855416883076611076

56298 Mopster the Peltast (level 14, -8/129 HPs)
             Began as a Minotaur Berserker on Oct 11, 2020.
             Was a Priest of Trog.
             Mangled by Aizul (19 damage)
             ... on level 2 of the Swamp on Oct 12, 2020.
             The game lasted 03:49:37 (20370 turns).

Mopster the Peltast (Minotaur Berserker)           Turns: 20370, Time: 03:49:38

Health: -8/129     AC: 14    Str: 25    XL:     14   Next: 41%
Magic:  13/13      EV: 22    Int:  4    God:    Trog [***...]
Gold:   1704       SH: 29    Dex: 12    Spells: 13/13 levels left

rFire    . . .     SeeInvis .   j - +3 flail (protect)
rCold    + + .     Faith    .   f - +3 tower shield
rNeg     . . .     Spirit   .   l - +2 ring mail of the Sacrificial Victim {-Tele rC++ MR++}
rPois    .         Reflect  +   (helmet restricted)
rElec    .         Harm     .   B - +0 cloak
rCorr    .         Rampage  .   E - +0 pair of gloves
MR       +++..     NoTele   +   t - +0 pair of boots
Stlth    ..........             F - amulet of reflection
HPRegen  0.31/turn              V - +4 ring of evasion
MPRegen  0.13/turn              y - +4 ring of evasion

@: lethally poisoned (-8 -> -13), silence, very slightly contaminated, studying
Dodging, invisible
A: retaliatory headbutt, horns 2
a: Renounce Religion


You were on level 2 of the Swamp.
You worshipped Trog.
Trog was most pleased with you.
You visited 4 branches of the dungeon, and saw 18 of its levels.
You also visited: Ice Cave.

You collected 1704 gold pieces.

Inventory:

Hand Weapons
 j - a +3 flail of protection (weapon)
 D - the +3 great mace of the Hierophant {antimagic, MR+ Str+5 Stlth+}
   (You took it off a two-headed ogre on level 10 of the Dungeon)

   It reduces the magical energy of the wielder, and disrupts the spells and
   magical abilities of those hit.
   Natural abilities and divine invocations are not affected.
   It affects your strength (+5).
   It affects your resistance to hostile enchantments.
   It makes you more stealthy.
Missiles
 W - 4 javelins (quivered)
Armour
 f - a +3 tower shield (worn)
 k - a +3 scale mail of fire resistance
 l - the +2 ring mail of the Sacrificial Victim (worn) {-Tele rC++ MR++}
   (You found it on level 4 of the Dungeon)

   It greatly protects you from cold.
   It affects your resistance to hostile enchantments.
   It prevents most forms of teleportation.
 t - a +0 pair of boots (worn)
 B - a +0 cloak (worn)
 E - a +0 pair of gloves (worn)
Jewellery
 q - an uncursed ring of resist corrosion
 y - a +4 ring of evasion (right hand)
 F - an amulet of reflection (around neck)
 H - an uncursed amulet of regeneration
 P - an uncursed ring of protection from cold
 Q - an uncursed ring of protection from cold
 V - a +4 ring of evasion (left hand)
Wands
 m - a wand of digging (5)
 p - a wand of disintegration (16)
 s - a wand of polymorph (3)
 A - a wand of acid (6)
 N - a wand of flame (22)
 X - a wand of iceblast (13)
Scrolls
 h - 17 scrolls of teleportation
 i - 3 scrolls of remove curse
 r - 3 scrolls of blinking
 u - 2 scrolls of enchant armour
 v - a scroll of vulnerability {unknown}
 x - 3 scrolls of silence
 z - a scroll of fog
 I - a scroll of immolation
 M - a scroll of magic mapping
 U - 3 scrolls of enchant weapon
Potions
 a - 3 potions of curing
 b - a potion of degeneration {unknown}
 c - 2 potions of haste {unknown}
 e - 3 potions of flight
 n - a potion of magic
 C - a potion of might
 L - a potion of invisibility
Books
 g - a manual of Dodging
Miscellaneous
 d - a phial of floods (inert)
 o - a condenser vane (2/2)
 O - a tin of tremorstones (1/3)
 Y - a phial of floods (inert)


   Skills:
 * Level 13.5 Fighting
   Level 6.0(10.7) Axes
 - Level 13.5(14.0) Maces & Flails
 * Level 11.8 Armour
 * Level 9.9 Dodging
 + Level 15.8 Shields
 * Level 4.7 Evocations


You had 13 spell levels left.
You didn't know any spells.
Your spell library contained the following spells:

 Spells                   Type           Power        Failure   Level
 Animate Skeleton         Necr           #.....       95%         1
 Pain                     Necr           #...         95%         1
 Sandblast                Erth           #.....       95%         1
 Summon Small Mammal      Summ           #...         95%         1
 Call Imp                 Summ           #.......     98%         2
 Passwall                 Tmut/Erth      #.......     98%         2
 Poisonous Vapours        Pois/Air       #.....       98%         2
 Call Canine Familiar     Summ           #.......     100%        3
 Conjure Flame            Conj/Fire      #.......     100%        3
 Mephitic Cloud           Conj/Pois/Air  #.......     100%        3
 Stone Arrow              Conj/Erth      #.....       100%        3
 Summon Guardian Golem    Hex/Summ       #.......     100%        3
 Vampiric Draining        Necr           #.........   100%        3
 Animate Dead             Necr           #.........   100%        4
 Cause Fear               Hex            #.........   100%        4
 Ice Form                 Ice/Tmut       #.......     100%        4
 Petrify                  Tmut/Erth      #.......     100%        4
 Summon Ice Beast         Ice/Summ       #.......     100%        4
 Summon Lightning Spire   Summ/Air       #.......     100%        4
 Agony                    Necr           #.......     100%        5
 Bolt of Magma            Conj/Fire/Erth #.........   100%        5
 Lee's Rapid Deconstruct  Erth           #.........   100%        5
 Metabolic Englaciation   Hex/Ice        #.........   100%        5
 Silence                  Hex/Air        #.........   100%        5
 Summon Demon             Summ           #.........   100%        5
 Summon Forest            Summ/Tloc      #.........   100%        5
 Summon Mana Viper        Hex/Summ       #.......     100%        5
 Yara's Violent Unravell  Hex/Tmut       #.........   100%        5
 Freezing Cloud           Conj/Ice/Air   #.........   100%        6
 Iron Shot                Conj/Erth      #.........   100%        6
 Ozocubu's Refrigeration  Ice            #.........   100%        6
 Shadow Creatures         Summ           N/A          100%        6
 Simulacrum               Ice/Necr       #.........   100%        6
 Statue Form              Tmut/Erth      #........    100%        6
 Summon Hydra             Summ           #.........   100%        7
 Discord                  Hex            #.........   100%        8


Dungeon Overview and Level Annotations

Branches:
Dungeon (11/15)            Temple (0/1) D:4            Lair (4/6) D:11
  Swamp (2/4) Lair:4       Spider (1/4) Lair:2          Orc (0/2) D:11
  IceCv (visited)

Altars:
Ashenzari
Cheibriados
Fedhas
Gozag
Hepliaklqana
Nemelex Xobeh
Qazlal
Ru
Sif Muna
Uskayaw
Xom
Yredelemnul
Zin
The Shining One
Beogh

Shops:
D:4 :   D:7 (   D:10 :   D:11 *

Annotations:
Swamp:2 Aizul


Innate Abilities, Weirdness & Mutations

You reflexively headbutt those who attack you in melee.
You have a pair of horns on your head.


Message History

Moving in this stuff is going to be slow.
You feel very sick. Aizul barely misses you. You block Aizul's attack.
You feel very sick. You block Aizul's attack.
You feel the effects of Trog's Hand fading.
You feel sick. Aizul hits you!
* * * LOW HITPOINT WARNING * * *
You block Aizul's attack.
Okay, then.
You fade into invisibility!
You feel sick. You block Aizul's attack.
You are very lightly contaminated with residual magic.
You feel sick.
Aizul looks more healthy.
You block Aizul's attack. x2
You feel sick.
You see here 17 stones.
Your skin stops crawling.
You feel less resistant to hostile enchantments.
You feel sick. Aizul hits you!!
You die...

.≈.≈≈♣.♣ ♣≈≈≈.♣ ♣♣♣..≈≈≈.♣♣
.≈.≈≈..♣ ♣♣≈≈≈≈♣ ♣♣..≈≈..♣
.≈..≈.♣♣ ♣♣≈≈≈≈≈♣♣ ♣♣♣.♣≈.♣♣
.≈≈≈♣.♣ ♣.≈≈.≈≈.♣ ♣♣♣....≈♣♣
≈.≈...♣ ♣.≈≈.≈♣≈♣♣♣...≈≈≈.♣
≈.#.♣.♣ ♣♣....≈≈≈..≈.≈≈≈≈≈.♣
♣.##≈≈♣ ♣≈≈≈≈.≈≈≈....≈≈...≈♣
..##...♣ ♣.≈♣>.≈♣≈......♣≈≈.♣
..##..♣♣ ♣♣.≈..♣@.≈....≈≈≈≈≈.♣
..#....♣♣♣....♣♣♣S≈♣≈.≈≈≈....♣
..# ....♣♣)≈.♣♣ ♣≈≈...♣♣♣♣^≈.♣
#.#####..#)≈♣♣ ♣≈≈≈♣♣♣ ♣.≈.♣
##.####...#♣.♣ ♣≈.≈♣ ♣♣.>♣
..#.........♣♣ ♣♣≈≈♣ ♣..♣♣
..##.......♣♣ ♣≈.♣ ♣<..♣
..##..≈...♣♣ ♣..♣ ♣..♣♣
≈..#.≈≈...♣ ♣..♣ ♣..♣♣


You could see Aizul.

Vanquished Creatures
  Jorgrun (Swamp:1)
  Roxanne (Swamp:2)
  Nessos (Lair:4)
  A white draconian (IceCv)
  7 hydras
  A catoblepas (Lair:2)
  2 alligators (Swamp:1)
  2 two-headed ogres
  3 death yaks
  Nergalle (Lair:4)
  The ghost of Grijm the Thaumaturge, a novice DEDe of Kikubaaqudgha (D:10)
  An unseen horror (D:11)
  A spriggan druid (Swamp:2)
  An orb spider (Lair:2)
  4 wolf spiders
  2 centaur zombies (D:7)
  3 elephants (Lair:3)
  An ice statue (IceCv)
  4 black mambas
  5 komodo dragons
  10 cane toads
  A demonic crawler (Spider:1)
  An efreet (D:10)
  A merfolk (D:8)
  2 hornets
  2 tyrant leeches (Swamp:1)
  14 polar bears
  A jumping spider (Spider:1)
  8 blink frogs (Lair:4)
  4 bog bodies
  2 spriggans (Swamp:2)
  39 yaks
  5 wyverns
  A vampire (D:11)
  Eustachio (D:4)
  2 hogs (D:8)
  A basilisk (Lair:3)
  Menkaure (D:6)
  A warg (Lair:2)
  5 swamp worms
  10 insubstantial wisps (Swamp:1)
  Edmund (D:4)
  14 water moccasins
  3 swamp drakes
  3 orc warriors
  Purgy (D:3)
  13 ice beasts
  A hornet zombie (D:11)
  6 black bears
  2 phantoms
  3 sky beasts
  13 ogres
  The ghost of Gigglenaut the Insei, an amateur DsTm (D:3)
  32 wolves
  7 centaurs
  The ghost of Grijm the Sneak, an amateur OpTm of Dithmenos (D:4)
  5 big kobolds
  16 bullfrogs
  2 gnoll sergeants (D:8)
  3 scorpions
  2 water moccasin skeletons
  5 killer bees (D:11)
  4 wights (D:10)
  5 electric eels (D:8)
  2 howler monkeys
  11 hounds
  A bullfrog zombie (D:9)
  A jelly (D:11)
  8 orc wizards
  2 bullfrog skeletons
  11 orc priests
  Crazy Yiuf (D:7)
  2 gnoll shamans (D:8)
  2 centaur skeletons (D:10)
  5 iguanas
  Terence (D:3)
  8 worker ants
  2 hound zombies
  A worker ant zombie (D:8)
  14 adders
  A river rat (D:6)
  A shadow imp (D:10)
  2 white imps
  2 ufetubi (D:5)
  3 adder zombies
  An adder skeleton (D:6)
  3 worms
  2 dart slugs
  2 leopard geckos
  54 orcs
  5 giant cockroaches
  15 goblins
  8 hobgoblins
  13 jackals
  18 kobolds
  3 quokkas
  8 bats
  7 frilled lizards
  A jackal zombie (D:9)
  A leopard gecko skeleton (D:6)
  A leopard gecko zombie (D:5)
  12 rats
533 creatures vanquished.

Vanquished Creatures (collateral kills)
  2 manticores
  A demonic crawler (Spider:1)
  A troll (D:8)
  6 yaks
  A wyvern (D:8)
  2 orc warriors
  A phantom (D:6)
  An ogre (D:10)
  A big kobold (D:8)
  An electric eel (D:8)
  A gnoll shaman (D:8)
  2 orcs (D:6)
  A quokka (D:8)
  A bush (D:8)
22 creatures vanquished.

Vanquished Creatures (others)
  A wolf (IceCv)
  7 fungi
  38 plants
46 creatures vanquished.

Grand Total: 601 creatures vanquished

Notes
Turn   | Place    | Note
-------+----------+-------------------------------------------
     0 | D:1      | Mopster the Minotaur Berserker began the quest for the Orb.
     0 | D:1      | Reached XP level 1. HP: 19/19 MP: 0/0
   134 | D:1      | Reached XP level 2. HP: 15/27 MP: 1/1
   588 | D:1      | Reached XP level 3. HP: 33/33 MP: 2/2
  1454 | D:2      | Reached ** piety under Trog
  1555 | D:2      | Found a glowing golden altar of the Shining One.
  1727 | D:2      | Reached XP level 4. HP: 41/41 MP: 3/3
  2027 | D:2      | Found a faded altar of an unknown god.
  2101 | D:3      | Noticed Purgy
  2108 | D:3      | Killed Purgy
  2108 | D:3      | Reached skill level 5 in Axes
  2108 | D:3      | Reached skill level 1 in Shields
  2108 | D:3      | Reached XP level 5. HP: 43/47 MP: 4/4
  2174 | D:3      | Found a runed translucent door.
  2339 | D:3      | Reached skill level 2 in Shields
  2410 | D:3      | Noticed Gigglenaut's ghost (amateur DsTm)
  2438 | D:3      | Killed Gigglenaut's ghost
  2438 | D:3      | Reached XP level 6. HP: 28/55 MP: 5/5
  2574 | D:3      | Noticed Terence
  2579 | D:3      | Killed Terence
  2794 | D:3      | Reached skill level 5 in Fighting
  2968 | D:4      | Got a smoking ring mail
  2969 | D:4      | Identified the +2 ring mail of the Sacrificial Victim
                  | {-Tele rC++ MR++} (You found it on level 4 of the Dungeon)
  2980 | D:4      | Reached skill level 1 in Maces & Flails
  3005 | D:4      | Reached skill level 3 in Shields
  3038 | D:4      | Found a staircase to the Ecumenical Temple.
  3038 | D:4      | Noticed Edmund
  3046 | D:4      | Reached XP level 7. HP: 61/61 MP: 6/6
  3055 | D:4      | Killed Edmund
  3189 | D:4      | Noticed Eustachio
  3213 | D:4      | Killed Eustachio
  3279 | D:4      | Found a runed translucent gate.
  3281 | D:4      | Found a runed translucent gate.
  3281 | D:4      | Found a runed translucent gate.
  3283 | D:4      | Noticed Grijm's ghost (amateur OpTm)
  3338 | D:4      | Killed Grijm's ghost
  3387 | D:4      | Reached skill level 5 in Maces & Flails
  3451 | D:4      | Reached XP level 8. HP: 70/70 MP: 7/7
  3462 | D:4      | Found Boru's Book Shoppe.
  3572 | D:4      | Reached *** piety under Trog
  3642 | D:4      | Reached skill level 5 in Armour
  3754 | D:4      | Reached skill level 4 in Shields
  4008 | D:5      | Entered Level 5 of the Dungeon
  4078 | D:5      | Found an opulent altar of Gozag.
  4079 | D:5      | Found a sparkling altar of Nemelex Xobeh.
  4620 | D:5      | Found a glowing silver altar of Zin.
  5318 | D:6      | Reached skill level 5 in Shields
  5503 | D:6      | Reached XP level 9. HP: 78/78 MP: 8/8
  5615 | D:6      | Noticed Menkaure
  5623 | D:6      | Killed Menkaure
  5705 | D:6      | Reached **** piety under Trog
  5923 | D:6      | Found a glowing drain.
  6074 | D:7      | Reached skill level 6 in Shields
  6132 | D:7      | Reached skill level 10 in Maces & Flails
  6231 | D:7      | Found a snail-covered altar of Cheibriados.
  6233 | D:7      | Found a hazy altar of Hepliaklqana.
  6390 | D:7      | Found Roykhlo's Weapon Shoppe.
  6468 | D:7      | Found a runed translucent door.
  6469 | D:7      | Noticed Crazy Yiuf
  6486 | D:7      | Killed Crazy Yiuf
  6633 | D:7      | Reached XP level 10. HP: 88/88 MP: 9/9
  7074 | D:8      | Reached skill level 5 in Dodging
  7093 | D:8      | Reached skill level 7 in Shields
  8338 | D:8      | Found a broken altar of Ashenzari.
  8660 | D:8      | Noticed a two-headed ogre
  8701 | D:8      | Killed a two-headed ogre
  8701 | D:8      | Reached skill level 8 in Shields
  8965 | D:8      | Noticed a manticore
  8986 | D:8      | Killed a manticore
  8986 | D:8      | Reached XP level 11. HP: 86/97 MP: 10/10
  9806 | D:9      | Found a sparkling altar of Nemelex Xobeh.
  9937 | D:9      | Found a basalt altar of Yredelemnul.
  9941 | D:9      | Found a shimmering blue altar of Sif Muna.
  9942 | D:9      | Found a shimmering altar of Xom.
  9942 | D:9      | Found a hide-covered altar of Uskayaw.
  9942 | D:9      | Found a blossoming altar of Fedhas.
  9945 | D:9      | Found a sacrificial altar of Ru.
  9946 | D:9      | Found a stormy altar of Qazlal.
 10730 | D:10     | Entered Level 10 of the Dungeon
 10731 | D:10     | Upgraded the game from 0.26-a0-663-g36e8fdb to
                  | 0.26-a0-664-gc8b27b8
 10926 | D:10     | Reached skill level 9 in Shields
 11077 | D:10     | Found Ockual Kunui's Book Boutique.
 11145 | D:10     | Found a transporter.
 11146 | D:10     | Noticed Grijm's ghost (novice DEDe)
 11147 | D:10     | Found a transporter.
 11149 | D:10     | Identified the +3 great mace of the Hierophant {antimagic,
                  | MR+ Str+5 Stlth+}
 11149 | D:10     | Noticed a two-headed ogre
 11194 | D:10     | Killed a two-headed ogre
 11219 | D:10     | Killed Grijm's ghost
 11503 | D:10     | Reached skill level 10 in Fighting
 11781 | D:11     | Reached skill level 10 in Shields
 11828 | D:11     | Found a staircase to the Orcish Mines.
 11835 | D:11     | Found Samocus's Demolitions Depot.
 11859 | D:11     | Found a frozen archway.
 11889 | IceCv    | Entered an ice cave
 12024 | IceCv    | Reached XP level 12. HP: 107/107 MP: 11/11
 12027 | IceCv    | Reached skill level 11 in Shields
 12074 | IceCv    | Noticed a death yak
 12090 | IceCv    | Killed a death yak
 12371 | IceCv    | Reached skill level 12 in Shields
 12414 | IceCv    | Reached ***** piety under Trog
 12467 | IceCv    | Noticed a white draconian
 12487 | IceCv    | Killed a white draconian
 13206 | D:11     | Reached skill level 10 in Armour
 13349 | D:11     | Got a dazzling hand axe
 13370 | D:11     | Reached skill level 13 in Shields
 13563 | D:11     | Found a roughly hewn altar of Beogh.
 13934 | D:11     | Found a staircase to the Lair.
 14449 | Lair:1   | Entered Level 1 of the Lair of Beasts
 14683 | Lair:1   | Reached skill level 1 in Evocations
 14736 | Lair:1   | Reached XP level 13. HP: 117/117 MP: 12/12
 14930 | Lair:1   | Got an ancient whip
 15768 | Lair:2   | Reached skill level 14 in Shields
 15880 | Lair:2   | Found a hole to the Spider Nest.
 16785 | Spider:1 | Entered Level 1 of the Spider Nest
 16797 | Spider:1 | Received a gift from Trog
 18063 | Lair:4   | Reached skill level 15 in Shields
 18070 | Lair:4   | Found a staircase to the Swamp.
 18172 | Lair:4   | Identified a scroll of acquirement
 18220 | Lair:4   | Noticed Nessos
 18243 | Lair:4   | Killed Nessos
 18429 | Lair:4   | Noticed Nergalle
 18442 | Lair:4   | Killed Nergalle
 18442 | Lair:4   | Reached XP level 14. HP: 129/129 MP: 13/13
 18631 | Swamp:1  | Entered Level 1 of the Swamp
 18707 | Swamp:1  | Acquired a manual of Dodging
 18904 | Swamp:1  | Noticed Jorgrun
 18926 | Swamp:1  | Killed Jorgrun
 19942 | Swamp:2  | Identified Roxanne's Grimoire of the Rocks
 19942 | Swamp:2  | Noticed Roxanne
 19973 | Swamp:2  | Killed Roxanne
 20335 | Swamp:2  | Noticed Aizul
 20370 | Swamp:2  | Mangled by Aizul

Illustrated notes

Levels and vault maps discovered:
D:1:      lightli_arrival_boilingwater, layout_loops_ring
D:2:      layout_basic, lemuel_coloured_pillars_altar,
          chequers_ecumenical_altar_grove
D:3:      layout_loops_ring, ebering_ghost_sewer_d, uniq_purgy, uniq_terence
D:4:      layout_loops_ring, temple_green, serial_shops, shop,
          gammafunk_ghost_split, uniq_edmund, uniq_eustachio
D:5:      layout_basic, grunt_temple_overflow_opulence, kennysheep_little_box
D:6:      layout_loops_ring, portal_sewer_entry_b, uniq_menkaure
D:7:      layout_basic, chequers_temple_overflow_statue_of_worship,
          serial_shops, nicolae_shop_waterfront, uniq_crazy_yiuf_cottage
D:8:      kennysheep_town, serial_shops
D:9:      corexii_shack_village, layout_long_grid, minitemple, serial_rivers,
          chequers_serial_rivers_large_b, chequers_serial_rivers_marsh,
          chequers_serial_rivers_room_b, chequers_serial_rivers_room_b,
          chequers_serial_rivers_room_b, chequers_serial_rivers_large_a,
          basic_altar
D:10:     layout_irregular_city, gammafunk_ghost_smash, serial_shops, shop,
          grunt_ministairs_12
D:11:     layout_irregular_city, lair_entry_dummy,
          minmay_orc_entry_temple_large, enter_bailey_2,
          portal_ice_cave_entry_ice_beasts, nicolae_blasting_shop
Lair:1:   wander_river, layout_hall_layers, serial_bayou_shore_a
Lair:2:   beast_lair_carwin_large_4, layout_layer_cave,
          nicolae_spider_entry_orb_guardian
Lair:3:   layout_misc_corridors
Lair:4:   layout_misc_corridors, skrybe_swamp_entry_bodies, beast_lair_carwin_3,
          uniq_nergalle, uniq_nessos
Swamp:1:  layout_basic_swamp, evilmike_swamp_ruin_house_4, uniq_jorgrun
Swamp:2:  layout_falls_marsh, evilmike_swamp_ruin_wall, uniq_roxanne, uniq_aizul
Spider:1: layout_spider_delve, gammafunk_ghost_necromancy

Skill      XL: |  1  2  3  4  5  6  7  8  9 10 11 12 13 14 |
---------------+-------------------------------------------+-----
Fighting       | 4 5 6 7 9 10 11 13 | 13.5
Axes           | 4 5 6 |  6.0
Armour         | 3 4 5 6 8 9 10 11 | 11.8
Dodging        | 3 4 5 6 7 8 9 |  9.9
Shields        | 1 2 3 5 6 8 10 13 15 | 15.8
Maces & Flails | 2 5 8 10 12 13 | 13.5
Evocations     | 1 4 |  4.7

Action                   |  1- 3 |  4- 6 |  7- 9 | 10-12 | 13-15 || total
-------------------------+-------+-------+-------+-------+-------++-------
Melee: Hand axe          |   110 |    79 |       |       |       ||   189
       Headbutt          |    14 |    26 |    72 |   234 |   167 ||   513
       Short sword       |       |     8 |       |       |       ||     8
       Flail             |       |    39 |   338 |   953 |   701 ||  2031
Invok: Berserk           |       |     1 |       |       |       ||     1
       Trog's Hand       |       |     2 |     5 |     6 |     6 ||    19
       Brothers in Arms  |       |       |     1 |     9 |     4 ||    14
Evoke: Wand              |       |       |       |     4 |     5 ||     9
       Tin of tremorston |       |       |       |     1 |     3 ||     4
       Phial of floods   |       |       |       |       |     1 ||     1
  Use: Scroll            |     3 |     6 |    12 |     7 |     5 ||    33
       Potion            |     2 |     4 |     1 |     3 |     9 ||    19
 Stab: Sleeping          |     1 |     2 |       |       |       ||     3
       Confused          |       |       |       |       |     2 ||     2
       Distracted        |       |       |       |       |     1 ||     1
Armor: Animal skin       |    20 |     1 |       |       |       ||    21
       Troll leather arm |       |    18 |       |       |       ||    18
       Scale mail        |       |    15 |    21 |       |       ||    36
       Ring mail         |       |       |    59 |   160 |   120 ||   339
Dodge: Dodged            |    48 |    27 |    74 |   233 |   332 ||   714
Block: Tower shield      |    25 |    94 |   255 |   838 |   880 ||  2092
       Reflection        |       |       |       |       |     5 ||     5

Table legend: (Time is in decaauts)
 A = Elapsed time spent in this place.
 B = Non-inter-level travel time spent in this place.
 C = Inter-level travel time spent in this place.
 D = Time resting spent in this place.
 E = Time spent auto-exploring this place.
 F = Levels seen in this place.
 G = Mean time per level.
                   A        B        C        D        E       F      G
               +--------+--------+--------+--------+--------+-----+--------+
         Total |  20357 |  16475 |   3882 |   1016 |  10037 |  19 | 1071.4 |
       Dungeon |  13253 |  10479 |   2774 |    919 |   6419 |  11 | 1204.8 |
          Lair |   4058 |   3335 |    723 |     75 |   2430 |   4 | 1014.5 |
         Swamp |   1766 |   1382 |    384 |      0 |    763 |   2 |  883.0 |
   Spider Nest |     40 |     40 |      0 |      0 |      0 |   1 |   40.0 |
      Ice Cave |   1239 |   1239 |      0 |     22 |    424 |   1 | 1239.0 |
               +--------+--------+--------+--------+--------+-----+--------+

Top non-repeatable levels by time:
     D:8: 2770 daAuts
  Lair:2: 1459 daAuts
    D:11: 1383 daAuts
   IceCv: 1239 daAuts
     D:5: 1227 daAuts
 Swamp:1: 1208 daAuts
     D:2: 1143 daAuts
     D:4: 1065 daAuts
     D:9: 1064 daAuts
  Lair:1: 992 daAuts
     D:1: 987 daAuts
    D:10: 983 daAuts
     D:3: 898 daAuts
     D:7: 893 daAuts
     D:6: 835 daAuts
